 Dungeon Crawl Stone Soup version 0.31.0-11-ge490571c62 (webtiles) character file.

Game seed: 3759046826153284806

961 qw the Nimble (level 7, -1/35 HPs)
             Began as a Spriggan Hunter on Feb 4, 2024.
             Killed from afar by Dowan (7 damage)
             ... with a puff of flame
             ... on level 6 of the Dungeon.
             The game lasted 00:00:17 (3715 turns).

qw the Nimble (Spriggan Hunter)                     Turns: 3715, Time: 00:00:17

Health: -1/35      AC:  2    Str:  7    XL:     7   Next: 92%
Magic:  8/8        EV: 26    Int: 11    God:
Gold:   282        SH:  0    Dex: 26    Spells: 6/6 levels left

rFire   . . .        a - +3 shortbow
rCold   . . .        (shield currently unavailable)
rNeg    . . .        c - +0 robe
rPois   .            (helmet restricted)
rElec   .            (no cloak)
rCorr   .            (gloves unavailable)
SInv    +            (boots unavailable)
Will    +....        (no amulet)
Stlth   ++           i - +6 ring of dexterity
HPRegen 0.25/turn    (no ring)
MPRegen 0.11/turn

%: no passive effects
@: very quick
A: very small, no large weapons, unfitting armour, see invisible, speed 3
a: no special abilities


You were on level 6 of the Dungeon.
You visited 2 branches of the dungeon, and saw 7 of its levels.

You collected 282 gold pieces.


Innate Abilities, Weirdness & Mutations

You are very small and have problems with some larger weapons.
You are too small for most types of armour.
You have supernaturally acute eyesight. (SInv)
You cover ground extremely quickly. (Speed+++)


   Skills:
 - Level 2.1 Fighting
 - Level 7.7 Ranged Weapons
 + Level 8.3 Dodging
 - Level 1.5 Stealth


You had 6 spell levels left.
You didn't know any spells.
Your spell library was empty.

Inventory:

Hand Weapons
 a - a +3 shortbow (weapon)
Armour
 c - a +0 robe (worn)
Jewellery
 h - a ring of ice
 i - a +6 ring of dexterity (left hand)
Wands
 j - a wand of flame (13)
Scrolls
 f - a scroll of enchant armour
Potions
 b - a potion of curing
 d - a potion of mutation
 e - a potion of berserk rage {unknown}
 k - a potion of heal wounds {unknown}

Dungeon Overview and Level Annotations

Branches:
Dungeon (6/15)             Temple (1/1) D:5

Altars:
Ashenzari
Cheibriados
Dithmenos
Elyvilon
Fedhas
Hepliaklqana
Kikubaaqudgha
Qazlal
Ru
Trog
Uskayaw
Vehumet
Xom
Yredelemnul
Zin
The Shining One

Annotations:
D:6 Dowan


Message History

Dowan, Brother of Duvessa comes into view.
He is wielding a +2 dagger of freezing and carrying a wand of flame.
You shoot an arrow. The arrow hits the orc priest!
The orc priest is heavily wounded.
You shoot an arrow. The arrow hits the sleepcap.
The sleepcap is lightly damaged.
Dowan casts a spell.
Dowan blinks!
You shoot an arrow. The arrow hits the sleepcap!
The sleepcap is heavily damaged.
The sleepcap closely misses you.
You shoot an arrow. The arrow hits the sleepcap!
The sleepcap is severely damaged.
The sleepcap barely misses you.
The orc priest mumbles some strange prayers to Beogh against you.
Beogh smites you!
You shoot an arrow. The arrow hits the sleepcap!
You destroy the sleepcap!
You shoot an arrow. The arrow hits the orc priest.
The orc priest is severely wounded.
The orc priest hits you with a +0 short sword.
You shoot an arrow. The arrow hits the orc priest.
You kill the orc priest!
You shoot an arrow. The arrow completely misses Dowan.
Dowan zaps a wand.
The puff of flame misses you.
You shoot an arrow. The arrow hits Dowan!
Dowan is moderately wounded.
Dowan zaps a wand.
The puff of flame hits you.
You shoot an arrow. The arrow hits Dowan.
Dowan is heavily wounded.
Dowan says, "Stay away from my face!"
You shoot an arrow. The arrow closely misses Dowan.
You shoot an arrow. The arrow completely misses Dowan.
You shoot an arrow. The arrow hits Dowan.
Dowan is heavily wounded.
Dowan gestures at you while chanting. The puff of frost hits you.
You shoot an arrow. The arrow hits Dowan!
Dowan is almost dead.
Dowan zaps a wand.
The puff of flame hits you!
You die...

#### #..
#.###
..#.####...#
........##.#
...####.#<.#
#@####
#.e......
####.....
#.## #


You could see Dowan.

Vanquished Creatures
  Prince Ribbit (D:5)
  An ogre (D:4)
  A phantom (D:4)
  A scorpion (D:5)
  A howler monkey (D:4)
  A jelly (D:4)
  A bombardier beetle (D:5)
  A gnoll bouda (D:5)
  A hound (D:4)
  2 orc priests
  Natasha (thrice) (D:2)
  A sleepcap (D:6)
  9 gnolls (D:5)
  4 adders
  A shadow imp (D:5)
  3 dart slugs
  A ribbon worm (D:1)
  12 orcs
  9 ball pythons
  5 endoplasms
  A giant cockroach (D:2)
  8 goblins
  6 hobgoblins
  2 jackals (D:3)
  6 bats
  2 frilled lizards (D:3)
  10 kobolds
  8 rats
  A butterfly (D:5)
103 creatures vanquished.

Notes
Turn   | Place    | Note
-------+----------+-------------------------------------------
     0 | D:1      | qw the Spriggan Hunter began the quest for the Orb.
     0 | D:1      | Reached XP level 1. HP: 10/10 MP: 2/2
     0 | D:1      | 0 ||| qw: Version: 0.3-a-160-g6735b56
     0 | D:1      | 0 ||| qw: Game counter: 5428
     0 | D:1      | 0 ||| qw: Melee chars always use a shield: true
     0 | D:1      | 0 ||| qw: God list: Okawaru
     0 | D:1      | 0 ||| qw: Allow faded altars: false
     0 | D:1      | 0 ||| qw: Do Orc after clearing Dungeon:15 true
     0 | D:1      | 0 ||| qw: Do second Lair branch before Depths: true
     0 | D:1      | 0 ||| qw: Lair rune preference: random
     0 | D:1      | 0 ||| qw: Goals: Normal
     0 | D:1      | 0 ||| PLANNING D:1-11
    98 | D:1      | Reached skill level 3 in Dodging
   170 | D:1      | Reached XP level 2. HP: 14/14 MP: 3/3
   253 | D:1      | Reached skill level 4 in Dodging
   656 | D:1      | 656 ||| DROPPING scarf of shadows.
   657 | D:1      | 657 ||| READING scroll labelled OMUUMN KOSUWNI.
   657 | D:1      | 657 ||| IDENTIFYING fuming golden potion
   658 | D:1      | 658 ||| READING scroll labelled HOF UPNYETTET.
   658 | D:1      | 658 ||| ENCHANTING +0 shortbow.
   659 | D:1      | 659 ||| READING scroll labelled ZAGUN YKHLY.
   660 | D:1      | 660 ||| DRINKING 2 sapphire potions.
   661 | D:1      | 661 ||| DROPPING scroll of butterflies.
   772 | D:2      | Found a shadowy altar of Dithmenos.
   885 | D:2      | 885 ||| READING scroll of enchant weapon.
   885 | D:2      | 885 ||| ENCHANTING +1 shortbow.
   988 | D:2      | Reached XP level 3. HP: 18/18 MP: 4/4
  1075 | D:2      | Noticed Natasha
  1080 | D:2      | HP: 4/18 [Natasha/magic dart (5)]
  1082 | D:2      | Killed Natasha
  1086 | D:2      | HP: 3/18 [poisoned by an adder]
  1087 | D:2      | Reached XP level 4. HP: 3/22 MP: 5/5
  1089 | D:2      | 1089 ||| DRINKING potion of curing.
  1089 | D:2      | 1089 ||| (to cure poison)
  1161 | D:2      | Noticed Natasha
  1170 | D:2      | Killed Natasha
  1288 | D:2      | Reached skill level 5 in Dodging
  1315 | D:2      | Noticed Natasha
  1346 | D:2      | Killed Natasha
  1530 | D:2      | 1530 ||| READING scroll of identify.
  1530 | D:2      | 1530 ||| IDENTIFYING scroll labelled RIHUTAYRPHU
  1590 | D:3      | Reached XP level 5. HP: 26/26 MP: 6/6
  1964 | D:3      | 1964 ||| FLEEEEING.
  1965 | D:3      | 1965 ||| FLEEEEING.
  1966 | D:3      | 1966 ||| FLEEEEING.
  1970 | D:3      | 1970 ||| FLEEEEING.
  1971 | D:3      | 1971 ||| FLEEEEING.
  1972 | D:3      | 1972 ||| FLEEEEING.
  1973 | D:3      | 1973 ||| FLEEEEING.
  1974 | D:3      | 1974 ||| FLEEEEING.
  1976 | D:3      | 1976 ||| FLEEEEING.
  1979 | D:3      | 1979 ||| FLEEEEING.
  1980 | D:3      | 1980 ||| FLEEEEING.
  1981 | D:3      | 1981 ||| FLEEEEING.
  1982 | D:3      | 1982 ||| FLEEEEING.
  1983 | D:3      | 1983 ||| FLEEEEING.
  1984 | D:3      | 1984 ||| FLEEEEING.
  1985 | D:3      | 1985 ||| FLEEEEING.
  1989 | D:3      | 1989 ||| FLEEEEING.
  1990 | D:3      | 1990 ||| FLEEEEING.
  1991 | D:3      | 1991 ||| FLEEEEING.
  1992 | D:3      | 1992 ||| FLEEEEING.
  1993 | D:3      | 1993 ||| FLEEEEING.
  1994 | D:3      | 1994 ||| FLEEEEING.
  1998 | D:3      | 1998 ||| FLEEEEING.
  1999 | D:3      | 1999 ||| FLEEEEING.
  2000 | D:3      | 2000 ||| FLEEEEING.
  2001 | D:3      | 2001 ||| FLEEEEING.
  2002 | D:3      | 2002 ||| FLEEEEING.
  2003 | D:3      | 2003 ||| FLEEEEING.
  2006 | D:3      | 2006 ||| FLEEEEING.
  2007 | D:3      | 2007 ||| FLEEEEING.
  2008 | D:3      | 2008 ||| FLEEEEING.
  2009 | D:3      | 2009 ||| FLEEEEING.
  2010 | D:3      | 2010 ||| FLEEEEING.
  2013 | D:3      | 2013 ||| FLEEEEING.
  2014 | D:3      | 2014 ||| FLEEEEING.
  2015 | D:3      | 2015 ||| FLEEEEING.
  2016 | D:3      | 2016 ||| FLEEEEING.
  2019 | D:3      | 2019 ||| FLEEEEING.
  2020 | D:3      | 2020 ||| FLEEEEING.
  2021 | D:3      | 2021 ||| FLEEEEING.
  2022 | D:3      | 2022 ||| FLEEEEING.
  2023 | D:3      | 2023 ||| FLEEEEING.
  2024 | D:3      | 2024 ||| STAIRDANCE
  2034 | D:2      | 2034 ||| UPGRADING to +6 ring of dexterity.
  2035 | D:2      | 2035 ||| READING scroll of identify.
  2035 | D:2      | 2035 ||| IDENTIFYING scroll labelled UFIEHOL SEGYNT
  2036 | D:2      | 2036 ||| READING scroll labelled OTEUSU FUHASHRAGAL.
  2037 | D:2      | 2037 ||| DROPPING scroll of immolation.
  2406 | D:4      | Reached skill level 6 in Dodging
  2419 | D:4      | Noticed a phantom
  2433 | D:4      | Killed a phantom
  2434 | D:4      | Reached XP level 6. HP: 26/30 MP: 7/7
  2458 | D:4      | Found a radiant altar of Vehumet.
  2459 | D:4      | 2459 ||| FLEEEEING.
  2462 | D:4      | 2462 ||| FLEEEEING.
  2463 | D:4      | 2463 ||| FLEEEEING.
  2464 | D:4      | 2464 ||| FLEEEEING.
  2465 | D:4      | 2465 ||| FLEEEEING.
  2466 | D:4      | 2466 ||| FLEEEEING.
  2467 | D:4      | 2467 ||| FLEEEEING.
  2469 | D:4      | 2469 ||| FLEEEEING.
  2470 | D:4      | 2470 ||| FLEEEEING.
  2472 | D:4      | 2472 ||| FLEEEEING.
  2474 | D:4      | 2474 ||| FLEEEEING.
  2476 | D:4      | 2476 ||| FLEEEEING.
  2478 | D:4      | 2478 ||| FLEEEEING.
  2479 | D:4      | 2479 ||| FLEEEEING.
  2480 | D:4      | 2480 ||| FLEEEEING.
  2481 | D:4      | 2481 ||| FLEEEEING.
  2482 | D:4      | 2482 ||| FLEEEEING.
  2484 | D:4      | 2484 ||| FLEEEEING.
  2485 | D:4      | 2485 ||| FLEEEEING.
  2486 | D:4      | 2486 ||| FLEEEEING.
  2488 | D:4      | 2488 ||| FLEEEEING.
  2489 | D:4      | 2489 ||| FLEEEEING.
  2491 | D:4      | 2491 ||| FLEEEEING.
  2492 | D:4      | 2492 ||| FLEEEEING.
  2493 | D:4      | 2493 ||| FLEEEEING.
  2561 | D:4      | 2561 ||| READING scroll of enchant weapon.
  2561 | D:4      | 2561 ||| ENCHANTING +2 shortbow.
  2610 | D:4      | Found a bloodstained altar of Trog.
  2725 | D:4      | Reached skill level 6 in Ranged Weapons
  2839 | D:4      | Found a basalt altar of Yredelemnul.
  2872 | D:4      | 2872 ||| READING scroll of identify.
  2872 | D:4      | 2872 ||| IDENTIFYING ruby potion
  2873 | D:4      | 2873 ||| DROPPING potion of attraction.
  2891 | D:5      | Entered Level 5 of the Dungeon
  2894 | D:5      | Reached skill level 7 in Dodging
  2950 | D:5      | Reached XP level 7. HP: 35/35 MP: 8/8
  3036 | D:5      | Found a blossoming altar of Fedhas.
  3087 | D:5      | Noticed Prince Ribbit
  3096 | D:5      | Killed Prince Ribbit
  3253 | D:5      | Found a staircase to the Ecumenical Temple.
  3254 | D:5      | 3254 ||| PLANNING TEMPLE
  3254 | D:5      | 3254 ||| DROPPING ring of flight.
  3255 | D:5      | 3255 ||| READING scroll labelled IBUBAIRCHED.
  3362 | Temple   | Entered the Ecumenical Temple
  3363 | Temple   | 3363 ||| PLANNING D:1-11
  3431 | D:5      | Reached skill level 8 in Dodging
  3701 | D:6      | Noticed Dowan
  3714 | D:6      | HP: 6/35 [Dowan/puff of frost (5)]
  3715 | D:6      | Killed from afar by Dowan

Levels and vault maps discovered:
D:1:      dpeg_arrival_brainrot, layout_loops_ring, minmay_misc_feat_columns
D:2:      layout_loops_corners, basic_altar, uniq_natasha
D:3:      layout_basic
D:4:      layout_rooms, yredelemnul_altar_generic, trog_book,
          vehumet_altar_wand_db, minmay_manual_mess
D:5:      layout_loops_ring, kennysheep_mini_moat,
          minmay_temple_entry_butterflies, uniq_prince_ribbit1
D:6:      layout_basic, nemelex_dance_club_becter, mainiacjoe_overflow_swirl,
          mainiacjoe_overflow_brackets, uniq_duvessa
Temple:   hc_temple_tempest_star

Skill      XL: |  1  2  3  4  5  6  7 |
---------------+----------------------+-----
Dodging        | 3 4 5 6 7 8 |  8.3
Ranged Weapons | 5 6 7 |  7.7
Fighting       | 2 |  2.1
Stealth        | |  1.5

Action                     |  1- 3 |  4- 6 |  7- 9 || total
---------------------------+-------+-------+-------++-------
   Fire: Shortbow          |    71 |   154 |    76 ||   301
    Use: Scroll            |     4 |     5 |     1 ||    10
         Potion            |     1 |     1 |       ||     2
 Armour: Robe              |     8 |    15 |     7 ||    30
  Dodge: Dodged            |    30 |    51 |    12 ||    93

Table legend:
 A = Non-vault XP
 B = Vault XP
 C = Vault XP percentage of total XP
 D = Non-vault monster count
 E = Vault monster count
 F = Vault count percentage of total count
                 A         B        C        D         E       F
            +---------+---------+-------+---------+---------+-------
      Total |     881 |     492 |  35.8 |      94 |       8 |   7.8
            +---------+---------+-------+---------+---------+-------
        D:1 |      32 |       4 |  11.1 |      20 |       1 |   4.8
        D:2 |     122 |      37 |  23.3 |      17 |       1 |   5.6
        D:3 |      27 |       0 |   0.0 |      16 |       0 |   0.0
        D:4 |     225 |     174 |  43.6 |      13 |       5 |  27.8
        D:5 |     391 |     277 |  41.5 |      24 |       1 |   4.0
        D:6 |      84 |       0 |   0.0 |       4 |       0 |   0.0
            +---------+---------+-------+---------+---------+-------
